SAA
PHOENIX HOTSPUR YOUTH @ LONG ISLAND SEAWOLVES
07/12/2020
 
TOP OF THE 1ST
Phoenix Hotspur Youth batting - Pitching for Long Island Seawolves : LHP Jim Unknown
Pitching: LHP Jim Unknown
Batting: RHB Dan Perkins 0-0: Foul Ball, location: 2F
0-1: SINGLE (Line Drive, 4MD)
Batting: RHB Júlio Mateo 0-0: Called Strike
0-1: Ball
1-1: Foul Ball, location: 2F
1-2: Ball
2-2: Foul Ball, location: 2F
2-2: Foul Ball, location: 2F
2-2: Ball
3-2: Base on Balls
Dan Perkins to second
Batting: SHB Dave Orchard 0-0: Ball
1-0: Foul Ball, location: 2F
1-1: Called Strike
1-2: Ball
2-2: Foul Ball, location: 2F
2-2: Ball
3-2: Foul Ball, location: 2F
3-2: Base on Balls
Dan Perkins to third
Júlio Mateo to second
Batting: RHB Martín Martínez 0-0: Ball
1-0: Called Strike
1-1: Foul Ball, location: 2F
1-2: Ball
2-2: Foul Ball, location: 2F
2-2: Ball
3-2: Base on Balls
Dan Perkins scores
Júlio Mateo to third
Dave Orchard to second
Batting: RHB Matías Torrella 0-0: Hit by Pitch
Júlio Mateo scores
Dave Orchard to third
Martín Martínez to second
Batting: SHB Jesús González 0-0: Ground out 5-3 (Groundball, 5S)
Dave Orchard scores
Martín Martínez to third
Matías Torrella to second
Batting: LHB Joe Perry 0-0: Ball
1-0: Called Strike
1-1: Ball
2-1: Foul Ball, location: 2F
2-2: Strikes out swinging
Batting: RHB Ben Anderson 0-0: Foul Ball, location: 2F
0-1: Ball
1-1: Ball
2-1: Ball
3-1: Fly out, F6 (Popup, 56)
Top of the 1st over - 3 run(s), 1 hit(s), 0 error(s), 2 left on base; Phoenix Hotspur 3 - Long Island 0
BOTTOM OF THE 1ST
Long Island Seawolves batting - Pitching for Phoenix Hotspur Youth : RHP Richard Carlson
Pitching: RHP Richard Carlson
Batting: RHB Manuel Martínez 0-0: DOUBLE (Line Drive, 7LM)
Batting: RHB Jim Unknown 0-0: Ball
1-0: Ball
2-0: Fly out, F5 (Line Drive, 5)
Batting: RHB Jim Unknown 0-0: Ground out 6-3 (Groundball, 6M)
Manuel Martínez to third
Pitching: RHP Cal Hudson
Batting: RHB Jim Unknown 0-0: Ball
1-0: Fly out, F7 (Flyball, 7M)
Bottom of the 1st over - 0 run(s), 1 hit(s), 0 error(s), 1 left on base; Phoenix Hotspur 3 - Long Island 0
TOP OF THE 2ND
Phoenix Hotspur Youth batting - Pitching for Long Island Seawolves : LHP Jim Unknown
Batting: RHB Eric Peterson 0-0: Ball
1-0: Ball
2-0: Ball
3-0: Base on Balls
Batting: RHB Dan Perkins 0-0: Ball
1-0: Called Strike
1-1: Fly out, F4 (Line Drive, 4)
Batting: RHB Júlio Mateo 0-0: Called Strike
0-1: Ball
1-1: Called Strike
Eric Peterson steals 2nd base
1-2: Ball
2-2: Reached on error, E1 (Groundball, 13)
Eric Peterson to third
Batting: SHB Dave Orchard 0-0: Grounds into double play, U3-6 (Groundball, 3L)
Top of the 2nd over - 0 run(s), 0 hit(s), 1 error(s), 1 left on base; Phoenix Hotspur 3 - Long Island 0
BOTTOM OF THE 2ND
Long Island Seawolves batting - Pitching for Phoenix Hotspur Youth : RHP Cal Hudson
Batting: SHB Carroll Kline 0-0: Ball
1-0: Foul Ball, location: 2F
1-1: Ball
2-1: Swinging Strike
2-2: Strikes out swinging
Batting: LHB Jim Unknown 0-0: Ball
1-0: Ball
2-0: Ball
3-0: Foul Ball, location: 2F
3-1: Base on Balls
Batting: RHB Jim Unknown 0-0: Ball
Jim Unknown steals 2nd base
1-0: Ball
2-0: Ball
3-0: Called Strike
3-1: SINGLE (Line Drive, 4M)
Jim Unknown to third
Runner from 3rd tries for Home, SAFE, no throw or cutoff
Batting: RHB Cory Hansen 0-0: Ball
1-0: SINGLE (Flyball, 56D)
Jim Unknown to second
Batting: RHB Jim Unknown 0-0: Foul Ball, location: 2F
0-1: Called Strike
0-2: Ball
1-2: Fielders Choice at 3rd, U5 (Groundball, 5L)
Cory Hansen to second
Batting: RHB Manuel Martínez 0-0: Called Strike
0-1: Ball
1-1: Reached on error, E4 (Groundball, 4MS)
Cory Hansen to third
Jim Unknown to second
Batting: RHB Jim Unknown 0-0: Called Strike
0-1: Ball
1-1: SINGLE (Line Drive, 78S)
Cory Hansen scores
Jim Unknown to third
Manuel Martínez to second
Batting: RHB Jim Unknown 0-0: Ball
1-0: Swinging Strike
1-1: Foul Ball, location: 2F
1-2: Foul Ball, location: 2F
1-2: SINGLE (Groundball, 13) (infield hit)
Jim Unknown scores
Manuel Martínez to third
Jim Unknown to second
Batting: RHB Jim Unknown 0-0: Called Strike
0-1: Foul Ball, location: 2F
0-2: SINGLE (Groundball, 56D) (infield hit)
Manuel Martínez scores
Jim Unknown to third
Jim Unknown to second
Pitching: LHP Luis Ortíz
Batting: SHB Carroll Kline 0-0: Ball
1-0: SINGLE (Groundball, 6)
Jim Unknown scores
Jim Unknown to third
Jim Unknown to second
Runner from 3rd tries for Home, SAFE, no throw or cutoff
Batting: LHB Jim Unknown 0-0: Foul Ball, location: 2F
0-1: Ball
1-1: Ball
2-1: Ball
3-1: Base on Balls
Jim Unknown to third
Carroll Kline to second
Batting: RHB Jim Unknown 0-0: Called Strike
0-1: Ball
1-1: Ball
2-1: Ball
3-1: Base on Balls
Jim Unknown scores
Carroll Kline to third
Jim Unknown to second
Batting: RHB Cory Hansen 0-0: Called Strike
0-1: Ball
1-1: SINGLE (Line Drive, 89S)
Carroll Kline scores
Jim Unknown to third
Jim Unknown to second
Runner from 3rd tries for Home, SAFE, throw made at trailing runner, OUT at third!
Bottom of the 2nd over - 9 run(s), 7 hit(s), 1 error(s), 1 left on base; Phoenix Hotspur 3 - Long Island 9
TOP OF THE 3RD
Phoenix Hotspur Youth batting - Pitching for Long Island Seawolves : LHP Jim Unknown
Batting: RHB Martín Martínez 0-0: Ball
1-0: Called Strike
1-1: Fly out, F3 (Popup, 34)
Batting: RHB Matías Torrella 0-0: Called Strike
0-1: Ball
1-1: Ground out 6-3 (Groundball, 6M)
Batting: SHB Jesús González 0-0: Called Strike
0-1: Ground out 6-3 (Groundball, 6M)
Top of the 3rd over - 0 run(s), 0 hit(s), 0 error(s), 0 left on base; Phoenix Hotspur 3 - Long Island 9
BOTTOM OF THE 3RD
Long Island Seawolves batting - Pitching for Phoenix Hotspur Youth : LHP Luis Ortíz
Batting: RHB Jim Unknown 0-0: Ball
1-0: Called Strike
1-1: Ball
2-1: Ball
3-1: Fly out, F9 (Flyball, 89S)
Batting: RHB Manuel Martínez 0-0: Called Strike
0-1: Ball
1-1: Ground out 5-3 (Groundball, 5L)
Batting: RHB Jim Unknown 0-0: DOUBLE (Line Drive, 8LM)
Batting: RHB Jim Unknown 0-0: Called Strike
0-1: Ball
1-1: Ball
2-1: Ball
3-1: Called Strike
3-2: Ground out 6-3 (Groundball, 6)
Bottom of the 3rd over - 0 run(s), 1 hit(s), 0 error(s), 1 left on base; Phoenix Hotspur 3 - Long Island 9
TOP OF THE 4TH
Phoenix Hotspur Youth batting - Pitching for Long Island Seawolves : LHP Jim Unknown
Batting: LHB Joe Perry 0-0: Ball
1-0: Swinging Strike
1-1: Ball
2-1: SOLO HOME RUN (Flyball, 9D), Distance : 340 ft
Batting: RHB Ben Anderson 0-0: Called Strike
0-1: Ball
1-1: Ball
2-1: Ball
3-1: Fly out, F8 (Flyball, 8LM)
Batting: RHB Eric Peterson 0-0: Swinging Strike
0-1: TRIPLE (Line Drive, 8RM)
Batting: RHB Dan Perkins 0-0: Ball
1-0: SINGLE (Flyball, 89S)
Eric Peterson scores
Batting: RHB Júlio Mateo 0-0: Ball
1-0: Ground out 4-3 (Groundball, 4MS)
Dan Perkins to second
Batting: SHB Dave Orchard 0-0: Ball
1-0: Swinging Strike
1-1: Called Strike
1-2: Ball
2-2: Foul Ball, location: 2F
2-2: Foul Ball, location: 2F
2-2: Strikes out swinging
Top of the 4th over - 2 run(s), 3 hit(s), 0 error(s), 1 left on base; Phoenix Hotspur 5 - Long Island 9
BOTTOM OF THE 4TH
Long Island Seawolves batting - Pitching for Phoenix Hotspur Youth : LHP Luis Ortíz
Batting: RHB Jim Unknown 0-0: Called Strike
0-1: Swinging Strike
0-2: SINGLE (Groundball, 56D)
Batting: SHB Carroll Kline 0-0: Called Strike
0-1: Ball
1-1: Called Strike
1-2: Foul Ball, location: 2F
1-2: Foul Ball, location: 2F
1-2: Ball
2-2: Ball
3-2: SINGLE (Groundball, 34D)
Jim Unknown to second
Runner from 2nd tries for 3rd, SAFE, throw made to third
Carroll Kline to second
Batting: LHB Jim Unknown 0-0: Called Strike
0-1: Called Strike
0-2: SINGLE (Flyball, 89M)
Jim Unknown scores
Carroll Kline to third
Batting: RHB Jim Unknown 0-0: Ball
1-0: Ball
2-0: Called Strike
2-1: Swinging Strike
2-2: Foul Ball, location: 2F
2-2: Foul Ball, location: 2F
2-2: Ball
3-2: Base on Balls
Jim Unknown to second
Batting: RHB Cory Hansen 0-0: Called Strike
0-1: SINGLE (Groundball, 6MD)
Carroll Kline scores
Jim Unknown to third
Jim Unknown to second
Runner from 3rd tries for Home, SAFE, no throw or cutoff
Pitching: RHP Ken Hughes
Batting: RHB Jim Unknown 0-0: Ball
1-0: Ball
2-0: Called Strike
2-1: Ball
3-1: Base on Balls
Jim Unknown to third
Cory Hansen to second
Batting: RHB Manuel Martínez 0-0: Called Strike
0-1: Fielders Choice at 2nd, 6-4 (Groundball, 6M)
Jim Unknown scores
Cory Hansen to third
Batting: RHB Jim Unknown 0-0: Ball
1-0: Ball
2-0: Swinging Strike
2-1: SINGLE (Groundball, 56D)
Cory Hansen scores
Manuel Martínez to second
Batting: RHB Jim Unknown 0-0: Ball
Manuel Martínez steals 3rd base
Jim Unknown to second
1-0: Called Strike
1-1: 3-RUN HOME RUN (Flyball, 7D), Distance : 355 ft
Batting: RHB Jim Unknown 0-0: Foul Ball, location: 2F
0-1: Ball
1-1: Swinging Strike
1-2: Ground out 1-3 (Groundball, 13S)
Batting: SHB Carroll Kline 0-0: Foul Ball, location: 2F
0-1: Foul Ball, location: 2F
0-2: Ball
1-2: Foul Ball, location: 2F
1-2: Foul Ball, location: 2F
1-2: Ball
2-2: Foul Ball, location: 2F
2-2: Ball
3-2: Foul Ball, location: 2F
3-2: SINGLE (Flyball, 7S)
Batting: LHB Jim Unknown 0-0: Ball
1-0: Called Strike
1-1: Ball
2-1: Ball
3-1: Base on Balls
Carroll Kline to second
Batting: RHB Jim Unknown 0-0: Foul Ball, location: 2F
0-1: Foul Ball, location: 2F
0-2: Ball
1-2: Foul Ball, location: 2F
1-2: Fly out, F3 (Popup, 3DF)
Bottom of the 4th over - 8 run(s), 7 hit(s), 0 error(s), 2 left on base; Phoenix Hotspur 5 - Long Island 17
TOP OF THE 5TH
Phoenix Hotspur Youth batting - Pitching for Long Island Seawolves : LHP Jim Unknown
Batting: RHB Martín Martínez 0-0: Ball
1-0: Called Strike
1-1: Fly out, F3 (Popup, 13)
Batting: RHB Matías Torrella 0-0: SINGLE (Line Drive, 78M)
Batting: SHB Jesús González 0-0: Ball
1-0: Swinging Strike
1-1: Called Strike
1-2: Ball
2-2: Strikes out looking
Batting: LHB Joe Perry 0-0: Ball
1-0: Called Strike
1-1: Ball
2-1: Swinging Strike
2-2: Strikes out swinging
Top of the 5th over - 0 run(s), 1 hit(s), 0 error(s), 1 left on base; Phoenix Hotspur 5 - Long Island 17
BOTTOM OF THE 5TH
Long Island Seawolves batting - Pitching for Phoenix Hotspur Youth : RHP Ken Hughes
Batting: RHB Cory Hansen 0-0: Ball
1-0: Ball
2-0: Called Strike
2-1: Ball
3-1: Foul Ball, location: 2F
3-2: Foul Ball, location: 2F
Reached via error on a dropped throw, E3
Batting: RHB Jim Unknown 0-0: Ball
1-0: Foul Ball, location: 2F
1-1: Ball
2-1: Swinging Strike
2-2: Strikes out swinging
Batting: RHB Manuel Martínez 0-0: Called Strike
0-1: Ball
1-1: Foul Ball, location: 2F
1-2: Ball
2-2: Foul Ball, location: 2F
2-2: Foul Ball, location: 2F
2-2: Ball
3-2: Fly out, F5 (Popup, 15S)
Batting: RHB Jim Unknown 0-0: Called Strike
0-1: Foul Ball, location: 2F
0-2: Ball
1-2: Ball
2-2: SINGLE (Flyball, 8RS)
Cory Hansen to second
Batting: RHB Jim Unknown 0-0: Ball
1-0: Ball
2-0: Ball
3-0: Called Strike
3-1: Called Strike
3-2: Base on Balls
Cory Hansen to third
Jim Unknown to second
Pitching: RHP Aaron Campbell
Batting: RHB Jim Unknown 0-0: Swinging Strike
0-1: Called Strike
0-2: Ball
1-2: Ball
2-2: DOUBLE (Line Drive, 3)
Cory Hansen scores
Jim Unknown scores
Jim Unknown to third
Batting: SHB Carroll Kline 0-0: Foul Ball, location: 2F
0-1: Swinging Strike
0-2: Ball
1-2: Hit by Pitch
Batting: LHB Jim Unknown 0-0: Ball
1-0: Ball
2-0: Ball
3-0: Base on Balls
Jim Unknown scores
Jim Unknown to third
Carroll Kline to second
Batting: RHB Jim Unknown 0-0: Ball
Passed Ball!
Jim Unknown scores
Carroll Kline to third
Jim Unknown to second
1-0: Ball
2-0: Ball
3-0: Base on Balls
Batting: RHB Cory Hansen 0-0: Ball
1-0: Called Strike
1-1: Ball
2-1: Reached on error, E1 (Groundball, 13S)
Carroll Kline scores
Jim Unknown to third
Jim Unknown to second
Batting: RHB Jim Unknown 0-0: Swinging Strike
0-1: Ball
1-1: Called Strike
1-2: Ball
2-2: Strikes out looking
Bottom of the 5th over - 5 run(s), 2 hit(s), 2 error(s), 3 left on base; Phoenix Hotspur 5 - Long Island 22
TOP OF THE 6TH
Phoenix Hotspur Youth batting - Pitching for Long Island Seawolves : LHP Jim Unknown
Batting: RHB Ben Anderson 0-0: Ball
1-0: Foul Ball, location: 2F
1-1: Ball
2-1: Ball
3-1: Called Strike
3-2: Foul Ball, location: 2F
3-2: Foul Ball, location: 2F
3-2: Strikes out looking
Batting: RHB Eric Peterson 0-0: SINGLE (Line Drive, 7S)
Batting: RHB Dan Perkins 0-0: Ball
1-0: Fly out, F9 (Flyball, 9LM)
Batting: RHB Júlio Mateo 0-0: Ball
1-0: Foul Ball, location: 2F
1-1: Foul Ball, location: 2F
1-2: Strikes out swinging
Top of the 6th over - 0 run(s), 1 hit(s), 0 error(s), 1 left on base; Phoenix Hotspur 5 - Long Island 22
BOTTOM OF THE 6TH
Long Island Seawolves batting - Pitching for Phoenix Hotspur Youth : RHP Aaron Campbell
Batting: RHB Manuel Martínez 0-0: Ball
1-0: Called Strike
1-1: Ball
2-1: Foul Ball, location: 2F
2-2: Ball
3-2: Base on Balls
Batting: RHB Jim Unknown 0-0: Sac Bunt - play at first, batter OUT! 1-4
Manuel Martínez to second
Batting: RHB Jim Unknown 0-0: Foul Ball, location: 2F
0-1: Ball
1-1: Ground out 4-3 (Groundball, 4)
Manuel Martínez to third
Batting: RHB Jim Unknown 0-0: Called Strike
0-1: Ball
1-1: Ball
2-1: Ball
3-1: Base on Balls
Pinch Hitting: RHB Jim Unknown 0-0: Ball
1-0: Ball
2-0: Called Strike
2-1: Swinging Strike
2-2: Strikes out swinging
Bottom of the 6th over - 0 run(s), 0 hit(s), 0 error(s), 2 left on base; Phoenix Hotspur 5 - Long Island 22
TOP OF THE 7TH
Phoenix Hotspur Youth batting - Pitching for Long Island Seawolves : LHP Jim Unknown
Now in CF: Jim Unknown
Batting: SHB Dave Orchard 0-0: Called Strike
0-1: Ground out 5-3 (Groundball, 56S)
Pinch Hitting: RHB Richard Moss 0-0: Swinging Strike
0-1: Ball
1-1: Ground out 5-3 (Groundball, 5S)
Batting: RHB Matías Torrella 0-0: Called Strike
0-1: Called Strike
0-2: Strikes out looking
Top of the 7th over - 0 run(s), 0 hit(s), 0 error(s), 0 left on base; Phoenix Hotspur 5 - Long Island 22
BOTTOM OF THE 7TH
Long Island Seawolves batting - Pitching for Phoenix Hotspur Youth : RHP Aaron Campbell
Now at 2B: Richard Moss
Batting: LHB Jim Unknown 0-0: Ball
1-0: Called Strike
1-1: Ball
2-1: SINGLE (Line Drive, 6D)
Batting: RHB Jim Unknown 0-0: Foul Ball, location: 2F
0-1: Sac Bunt - play at first, batter OUT! 1-3
Jim Unknown to second
Batting: RHB Cory Hansen 0-0: Ball
1-0: Foul Ball, location: 2F
1-1: Ball
2-1: Foul Ball, location: 2F
2-2: SINGLE (Groundball, 34D)
Jim Unknown to third
Runner from 3rd tries for Home, SAFE, no throw or cutoff
Pitching: RHP Jake Lambright
Batting: RHB Jim Unknown 0-0: Called Strike
0-1: Ball
1-1: Ball
2-1: Ball
3-1: Foul Ball, location: 2F
3-2: Fly out, F3 (Popup, 3F)
Batting: RHB Manuel Martínez 0-0: Called Strike
0-1: Foul Ball, location: 2F
0-2: SINGLE (Groundball, 5D)
Cory Hansen to second
Batting: RHB Jim Unknown 0-0: Ball
1-0: Ball
2-0: Called Strike
2-1: Ball
3-1: Base on Balls
Cory Hansen to third
Manuel Martínez to second
Batting: RHB Jim Unknown 0-0: Called Strike
0-1: SINGLE (Line Drive, 4MD)
Cory Hansen scores
Manuel Martínez to third
Jim Unknown to second
Runner from 3rd tries for Home, SAFE, no throw or cutoff
Batting: RHB Jim Unknown 0-0: Called Strike
0-1: Ball
1-1: Ground out 5-3 (Groundball, 5L)
Bottom of the 7th over - 3 run(s), 4 hit(s), 0 error(s), 2 left on base; Phoenix Hotspur 5 - Long Island 25
TOP OF THE 8TH
Phoenix Hotspur Youth batting - Pitching for Long Island Seawolves : LHP Jim Unknown
Batting: SHB Jesús González 0-0: Ball
1-0: Ball
2-0: Foul Ball, location: 2F
2-1: Ball
3-1: Base on Balls
Batting: LHB Joe Perry 0-0: Called Strike
0-1: Ball
1-1: Foul Ball, location: 2F
1-2: Fly out, F4 (Line Drive, 4)
Batting: RHB Ben Anderson 0-0: Fly out, F6 (Popup, 6MD)
Batting: RHB Eric Peterson 0-0: Ball
1-0: Ground out 4-3 (Groundball, 4)
Top of the 8th over - 0 run(s), 0 hit(s), 0 error(s), 1 left on base; Phoenix Hotspur 5 - Long Island 25
BOTTOM OF THE 8TH
Long Island Seawolves batting - Pitching for Phoenix Hotspur Youth : RHP Jake Lambright
Batting: RHB Jim Unknown 0-0: Ball
1-0: Ball
2-0: Ball
3-0: Called Strike
3-1: Base on Balls
Batting: LHB Jim Unknown 0-0: Called Strike
0-1: Sac Bunt - play at first, batter OUT! 1-3
Jim Unknown to second
Batting: RHB Jim Unknown 0-0: Called Strike
0-1: Ball
1-1: Swinging Strike
1-2: Fly out, F4 (Line Drive, 4)
Batting: RHB Cory Hansen 0-0: Ball
1-0: Ball
2-0: Ball
3-0: Called Strike
3-1: Foul Ball, location: 2F
3-2: Base on Balls
Batting: RHB Jim Unknown 0-0: Called Strike
0-1: Ball
1-1: Ball
2-1: SINGLE (Line Drive, 4D)
Jim Unknown to third
Cory Hansen to second
Runner from 3rd tries for Home, SAFE, throw made at trailing runner, OUT at third!
Bottom of the 8th over - 1 run(s), 1 hit(s), 0 error(s), 1 left on base; Phoenix Hotspur 5 - Long Island 26
TOP OF THE 9TH
Phoenix Hotspur Youth batting - Pitching for Long Island Seawolves : LHP Jim Unknown
Batting: RHB Dan Perkins 0-0: Ball
1-0: SINGLE (Groundball, 34D)
Pitching: LHP Jim Unknown
Batting: RHB Júlio Mateo 0-0: Called Strike
0-1: Foul Ball, location: 2F
0-2: Foul Ball, location: 2F
0-2: Strikes out swinging
Batting: SHB Dave Orchard 0-0: Ball
1-0: Ball
2-0: Ball
3-0: Called Strike
3-1: Ground out 4-3 (Groundball, 4S)
Dan Perkins to second
Batting: RHB Richard Moss Balk!
Dan Perkins to third
0-0: Ball
1-0: Called Strike
1-1: Foul Ball, location: 2F
1-2: Foul Ball, location: 2F
1-2: Fly out, F4 (Popup, 4)
Top of the 9th over - 0 run(s), 1 hit(s), 0 error(s), 1 left on base; Phoenix Hotspur 5 - Long Island 26
This league is powered by Out of the Park Baseball, the baseball management simulation game for PC, Mac and Linux
Friday, October 23rd, 2015 - OOTP Baseball 16.9 Build 39